Map: Cerulean Fall LE

Players

IIIIIIIIIIII

  • Race: Terran Terran
  • League: Master
  • Spawn Location: 7:00

ViBE - Winner!

  • Race: Zerg Zerg
  • League: Diamond
  • Spawn Location: 1:00

VOD

Have the link to the VOD?

Description

Time

  • Played on: Dec. 5, 2018, 2:45 a.m.
  • Length: 16:32
Show
View Real Time Build Order
Export as new Build Order

IIIIIIIIIIII Terran 

Build Orders: Reaper Expand, Mech 

Get SALT Encoding   

  12  0:01  SCV  
  13  0:13  SCV  
  14  0:18  Supply Depot  
  14  0:25  SCV  
  15  0:39  SCV  
  15  0:41  Barracks  
  16  0:46  Refinery  
  16  0:51  SCV  
  17  1:04  SCV  
  18  1:16  SCV  
  19  1:28  Orbital Command  
  19  1:29  Reaper  
  20  1:43  Command Center  
  20  1:53  SCV  
  21  2:02  Supply Depot  
  21  2:05  SCV  
  22  2:09  Factory  
  22  2:11  Marine  
  23  2:21  Refinery  
  23  2:23  SCV  
  23  2:29  Barracks Reactor  
  24  2:36  SCV  
  25  2:48  SCV  
  26  2:55  Orbital Command  
  26  3:01  SCV  
  27  3:07  Starport  
  27  3:13  SCV  
  27  3:14  Hellion x2  
  27  3:18  Barracks Tech Lab  
  32  3:20  SCV  
  32  3:25  SCV  
  34  3:33  SCV  
  35  3:36  Hellion x2  
  35  3:37  SCV  
  40  3:45  SCV  
  41  3:49  SCV  
  41  3:51  Viking  
  44  3:59  Barracks Tech Lab  
  44  4:01  Supply Depot  
  44  4:06  SCV  
  44  4:08  SCV  
  46  4:11  Command Center  
  46  4:17  Supply Depot  
  46  4:22  Factory  
  46  4:23  SCV  
  47  4:28  Banshee  
  47  4:29  Siege Tank  
  53  4:33  SCV  
  54  4:39  Refinery, SCV  
  54  4:40  Supply Depot  
  55  4:47  SCV  
  55  4:50  Armory  
  55  4:51  SCV  
  57  4:56  Refinery  
  57  4:58  Engineering Bay  
  57  4:59  SCV  
  58  5:04  SCV  
  59  5:08  Hellion x2  
  59  5:11  SCV  
  64  5:18  Siege Tank  
  67  5:24  Orbital Command  
  67  5:25  SCV x2  
  69  5:29  Missile Turret  
  69  5:33  Missile Turret  
  69  5:34  Missile Turret  
  69  5:37  SCV x2  
  69  5:39  Terran Vehicle Weapons Level 1  
  71  5:45  Hellion x2  
  71  5:49  SCV x2  
  77  5:53  Orbital Command  
  77  5:55  Barracks Tech Lab  
  77  6:01  Factory  
  77  6:06  SCV x2  
  77  6:10  Armory, Thor  
  85  6:15  Refinery  
  85  6:16  Refinery  
  85  6:27  Supply Depot  
  85  6:29  Supply Depot  
  85  6:34  Infernal Pre-Igniter  
  85  6:46  Starport  
  85  6:49  Hellion, SCV x3  
  90  7:01  Hellion x2, SCV x3  
  89  7:06  Missile Turret  
  89  7:13  SCV x3  
  89  7:14  Thor  
  98  7:19  Viking  
  98  7:21  Factory  
  100  7:23  Terran Vehicle And Ship Armor Level 1  
  100  7:25  SCV  
  100  7:29  Supply Depot  
  101  7:30  Supply Depot x2  
  101  7:32  Barracks Tech Lab  
  101  7:39  Liberator  
  101  7:40  Starport Reactor  
  101  7:41  SCV x2  
  103  7:45  Factory  
  103  7:48  SCV  
  103  7:49  Missile Turret  
  104  7:51  Missile Turret  
  104  7:53  SCV x2  
  109  7:59  Hellion x3  
  109  8:00  Hellion, Smart Servos  
  109  8:03  SCV, Liberator x2  
  118  8:05  SCV  
  118  8:12  Supply Depot x2  
  119  8:13  Supply Depot  
  119  8:17  Command Center  
  119  8:18  Supply Depot  
  120  8:20  SCV x2  
  120  8:24  Siege Tank  
  120  8:25  Siege Tank  
  133  8:33  SCV  
  134  8:36  Sensor Tower  
  134  8:38  Missile Turret  
  134  8:42  Supply Depot  
  134  8:44  Supply Depot  
  134  8:46  Siege Tank  
  137  8:48  Factory Tech Lab  
  137  8:50  Hellion x2  
  137  8:52  Viking  
  143  9:01  Terran Vehicle Weapons Level 2  
  143  9:03  Viking x2  
  143  9:04  Hellion x2  
  151  9:18  Command Center  
  151  9:21  Terran Vehicle And Ship Armor Level 2  
  151  9:22  Raven  
  153  9:30  Starport  
  153  9:31  Starport  
  153  9:35  Viking x2  
  153  9:36  Hellion x4  
  153  9:37  Hellion  
  170  9:45  Siege Tank  
  170  9:57  Hellion  
  170  9:58  Hellion  
  174  10:00  Refinery  
  174  10:05  Refinery  
  140  10:13  Hellion, Siege Tank x2  
  132  10:18  Hellion  
  132  10:19  Hellion  
  136  10:24  Hellion  
  132  10:35  Siege Tank, Viking x2  
  139  10:39  Siege Tank  
  139  10:40  Hellion  
  142  10:45  Hellion, Siege Tank  
  142  10:46  Hellion  
  149  10:51  Orbital Command  
  149  11:01  Hellion  
  151  11:07  Siege Tank x2, Viking x2  
  151  11:09  SCV x3  
  151  11:11  Siege Tank  
  167  11:15  Planetary Fortress  
  167  11:17  Siege Tank  
  170  11:38  Supply Depot  
  170  11:41  Siege Tank x2  
  170  11:42  Hellion x2  
  157  12:03  Hellion x2  
  161  12:15  Thor x2  
  161  12:16  Siege Tank, Viking x2  
  161  12:18  Starport Reactor  
  161  12:20  Terran Ship Weapons Level 1  
  161  12:22  Hellion  
  182  12:25  Hellion x2  
  186  12:31  Command Center  
  186  12:32  Command Center  
  186  12:43  Hellion  
  188  12:46  Starport Tech Lab, Hellion  
  190  13:00  Siege Tank  
  190  13:01  Viking x3  
  199  13:09  Missile Turret  
  199  13:10  Missile Turret  
  199  13:11  Missile Turret  
  199  13:16  Terran Vehicle Weapons Level 3  
  199  13:24  Factory  
  199  13:25  Factory  
  199  13:37  Hyperflight Rotors  
  191  14:07  Raven  
  193  14:14  Orbital Command x2  
  193  14:18  Factory Tech Lab  
  193  14:24  Siege Tank x2  
  199  14:35  Liberator x4  
  171  14:53  Viking x2  
  171  14:54  Thor x2  
  171  14:55  Hellion x3  
  171  14:56  Hellion  
  171  14:57  Hellion  
  162  15:16  Hellion x3  
  162  15:17  Thor, Liberator  
  162  15:18  Hellion, Liberator  
  174  15:22  Viking  
  174  15:23  Viking  
  178  15:35  Viking x2  
  188  15:37  Hellion x2  
  192  15:46  Thor  
  192  15:49  Thor  
  192  15:53  Viking  
  188  15:59  Hellion x2  
Show
View Real Time Build Order
Export as new Build Order

ViBE Zerg - Winner!

Build Orders: Hatch First, Brood Lord Corruptor 

Get SALT Encoding   

  12  0:00  Drone  
  13  0:12  Overlord  
  13  0:19  Drone  
  14  0:31  Drone x2  
  16  0:38  Drone  
  17  0:55  Hatchery  
  16  0:58  Drone  
  17  1:04  Drone  
  18  1:18  Spawning Pool, Drone  
  17  1:22  Extractor  
  17  1:23  Drone  
  18  1:30  Drone  
  19  1:43  Overlord  
  19  1:56  Drone  
  20  2:05  Queen  
  20  2:08  Zergling x2  
  23  2:09  Zergling x2  
  23  2:11  Queen  
  26  2:16  Drone  
  26  2:21  Drone  
  28  2:28  Drone  
  28  2:29  Metabolic Boost  
  29  2:35  Overlord  
  29  2:37  Drone  
  30  2:47  Drone x2  
  32  2:53  Hatchery  
  31  3:00  Overlord  
  31  3:02  Drone x2  
  33  3:06  Drone  
  34  3:12  Queen  
  36  3:20  Drone x4  
  40  3:32  Roach Warren  
  39  3:38  Zergling x6  
  39  3:40  Overlord  
  42  3:47  Drone x2  
  44  3:53  Drone x7  
  51  3:58  Queen  
  53  4:04  Overlord  
  53  4:11  Roach  
  53  4:12  Roach x2  
  53  4:16  Roach x2  
  63  4:27  Overlord  
  63  4:30  Drone x7  
  70  4:41  Overlord x3  
  70  4:55  Lair  
  70  4:56  Drone x4  
  70  4:59  Spore Crawler  
  73  5:01  Spore Crawler x2  
  71  5:10  Drone  
  71  5:11  Drone x8, Spore Crawler  
  79  5:15  Spore Crawler  
  79  5:18  Baneling Nest  
  79  5:21  Extractor  
  75  5:22  Extractor x2, Drone  
  75  5:26  Drone x2  
  76  5:33  Drone x3  
  79  5:37  Hatchery  
  78  5:43  Extractor, Drone  
  78  5:45  Extractor  
  78  5:47  Drone x2  
  78  5:49  Drone x3  
  82  5:50  Drone x3  
  82  5:52  Hatchery  
  84  5:59  Drone x3  
  84  6:01  Centrifical Hooks  
  87  6:05  Drone x2  
  87  6:07  Baneling  
  87  6:10  Baneling, Zergling x2  
  87  6:11  Zergling x14  
  97  6:19  Overlord x3  
  97  6:25  Overlord  
  97  6:26  Overlord, Spore Crawler  
  96  6:33  Zergling x2  
  97  6:41  Zergling x12  
  103  6:48  Hydralisk Den, Evolution Chamber  
  103  6:49  Drone x3  
  103  6:50  Evolution Chamber  
  93  6:58  Drone  
  93  6:59  Drone x4  
  93  7:00  Drone  
  94  7:10  Drone x7  
  101  7:16  Drone x8  
  101  7:17  Drone  
  101  7:19  Zerg Ground Armor Level 1  
  101  7:20  Zerg Melee Weapons Level 1, Grooved Spines  
  110  7:23  Baneling x9  
  110  7:24  Baneling  
  110  7:34  Drone x6  
  116  7:37  Extractor x2  
  114  7:44  Overlord  
  114  7:45  Overlord  
  114  7:46  Hatchery  
  114  7:50  Hydralisk  
  114  7:51  Hydralisk x6  
  127  8:03  Hydralisk x7  
  141  8:10  Overlord  
  141  8:11  Overlord x3  
  141  8:17  Infestation Pit  
  139  8:37  Hydralisk x8  
  139  8:39  Hydralisk x2  
  159  8:44  Drone  
  159  8:45  Spine Crawler x2, Drone  
  159  8:46  Drone x2  
  161  8:49  Spine Crawler x2  
  161  8:50  Drone x2  
  161  8:51  Spine Crawler x2, Drone x2  
  161  8:54  Spine Crawler, Hive  
  161  8:55  Spine Crawler  
  159  8:57  Overlord  
  159  9:03  Spire  
  159  9:08  Zergling x14  
  165  9:22  Zergling x12  
  165  9:23  Zergling x14  
  178  9:27  Zerg Melee Weapons Level 2  
  178  9:35  Drone x2  
  178  9:36  Drone x4  
  184  9:51  Zergling x14  
  184  9:52  Zergling x12  
  196  9:53  Spine Crawler  
  196  9:58  Spine Crawler, Spore Crawler  
  162  10:13  Zergling x32  
  163  10:18  Adrenal Glands  
  163  10:20  Greater Spire  
  153  10:29  Zergling x12  
  153  10:30  Zergling x26  
  153  10:31  Muscular Augments  
  170  10:52  Extractor x2  
  168  11:20  Zergling x2  
  168  11:21  Zergling x38  
  186  11:26  Corruptor x7  
  196  11:36  Zerg Flyer Weapons Level 1  
  196  11:49  Zerg Melee Weapons Level 3  
  147  12:03  Brood Lord x7  
  147  12:06  Viper x3  
  167  12:28  Corruptor  
  167  12:29  Corruptor x15  
  197  12:54  Hatchery  
  197  12:57  Overseer x2  
  196  13:37  Zerg Flyer Weapons Level 2  
  166  14:04  Brood Lord x6  
  166  14:06  Corruptor x10  
  166  14:08  Brood Lord  
  192  14:10  Corruptor x4  
  176  14:56  Drone x3  
  176  14:57  Drone x2  
  176  14:58  Drone x3  
  176  14:59  Drone x2  
  186  15:01  Spine Crawler x2  
  184  15:12  Corruptor  
  184  15:13  Corruptor x6  
  198  15:15  Corruptor  
  200  15:34  Spine Crawler x2, Spore Crawler  
  200  15:35  Spine Crawler x2  
  196  15:39  Queen  
  197  16:00  Extractor  
  197  16:02  Extractor  
Tags
 
Add a new tag
Caveats
  • Supply blocks, unpowered buildings, or Contaminate may cause inaccurate times.
  • Supply counts are checked every 10 seconds.